 Dungeon Crawl Stone Soup version 0.28-a0-1235-g7c8fac35f0 (webtiles) character file.

Game seed: 11958225878849633173

416 Vash the Insei (level 6, 0/51 HPs)
             Began as a Gnoll Transmuter on Dec 24, 2021.
             Slain by a gnoll (2 damage)
             ... while paralysed by Grinder
             ... on level 3 of the Dungeon.
             The game lasted 00:04:53 (3570 turns).

Vash the Insei (Gnoll Transmuter)                   Turns: 3570, Time: 00:04:54

Health: 0/51       AC:  8    Str: 12    XL:     6   Next: 92%
Magic:  13/14      EV:  2    Int: 17    God:
Gold:   149        SH:  0    Dex: 12    Spells: 11/15 levels left

rFire   + + .      SeeInvis +     - Unarmed
rCold   + + .      Faith    .   (no shield)
rNeg    . . .      Spirit   .   c - +1 robe {rC+ rF+}
rPois   +          Reflect  .   b - +2 helmet {Int+3}
rElec   +          Harm     +   j - scarf {harm}
rCorr   +          Rampage  .   g - +1 pair of gloves
Will    .....                   (no boots)
Stlth   ++........              (no amulet)
HPRegen 0.17/turn               f - ring of wizardry
MPRegen 0.14/turn               (no ring)

@: paralysed, resistant, hasted
A: fangs 1, strong nose, distributed training, see invisible, clever 1, robust 1
a: no special abilities


You were on level 3 of the Dungeon.
You visited 1 branch of the dungeon, and saw 3 of its levels.

You collected 149 gold pieces.

Inventory:

Armour
 b - a +2 helmet of intelligence (worn)
 c - a +1 robe of resistance (worn)
 g - a +1 pair of gloves (worn)
 j - a scarf of harm (worn)
Jewellery
 f - a ring of wizardry (left hand)
 m - a +4 ring of evasion
Scrolls
 a - a scroll of teleportation {unknown}
 e - a scroll of identify
 h - a scroll of fear {unknown}
 i - a scroll of amnesia {unknown}
Potions
 d - a potion of resistance


   Skills:
 + Level 3.4 Fighting
 + Level 2.1 Short Blades
 + Level 2.1 Long Blades
 + Level 2.1 Axes
 + Level 2.1 Maces & Flails
 + Level 2.1 Polearms
 + Level 2.1 Staves
 + Level 2.1 Slings
 + Level 2.1 Bows
 + Level 2.1 Crossbows
 + Level 2.1 Throwing
 + Level 2.1 Armour
 + Level 5.1 Dodging
 + Level 2.1 Stealth
 + Level 2.1 Shields
 + Level 6.9 Unarmed Combat
 + Level 5.4 Spellcasting
 + Level 1.7 Conjurations
 + Level 1.7 Hexes
 + Level 1.7 Summonings
 + Level 1.7 Necromancy
 + Level 1.7 Translocations
 + Level 4.2 Transmutations
 + Level 1.7 Fire Magic
 + Level 1.7 Ice Magic
 + Level 1.7 Air Magic
 + Level 1.7 Earth Magic
 + Level 1.7 Poison Magic
 + Level 2.4 Invocations
 + Level 2.1 Evocations


You had 11 spell levels left.
You knew the following spells:

 Your Spells              Type           Power      Damage    Failure   Level
a - Beastly Appendage     Tmut           36%        N/A       1%          1
b - Spider Form           Tmut/Pois      14%        N/A       4%          3

Your spell library contained the following spells:

 Spells                   Type           Power      Damage    Failure   Level
 Wereblood                Tmut           18%        N/A       1%          2
 Ice Form                 Ice/Tmut       14%        N/A       16%         4
 Hailstorm                Conj/Ice       10%        3d5       26%         4
 Simulacrum               Ice/Necr       5%         N/A       98%         6


Dungeon Overview and Level Annotations

Branches:
Dungeon (3/15)

Altars:
Kikubaaqudgha

Annotations:
D:3 Grinder


Innate Abilities, Weirdness & Mutations

You have very sharp teeth.
Your uncanny sense of smell can sniff out nearby items.
Your experience applies equally to all skills.
You have supernaturally acute eyesight. (SInv)
Your mind is acute. (Int +2)
You are robust. (+10% HP)


Message History

Grinder is heavily wounded.
Grinder says, "Don't move a muscle."
Grinder barely misses you.
You hit Grinder.
Grinder is severely wounded.
Grinder closely misses you.
It was a potion of mutation.
You feel extremely strange.
Your vision sharpens.
You feel robust.
You feel clever. Grinder gestures at you. You resist with significant effort.
It was a potion of haste.
You feel yourself speed up. Grinder hits you.
* * * LOW HITPOINT WARNING * * *
You barely miss Grinder.
Grinder is severely wounded.
The gnoll shouts!
You hit Grinder.
Grinder is severely wounded.
Grinder gestures at you.
You barely resist. You closely miss Grinder.
Grinder is almost dead.
Your transformation has ended.
Your scarf of harm unmelds from your body.
Your +2 helmet of intelligence unmelds from your body.
Your +1 pair of gloves unmelds from your body.
Your +1 robe of resistance unmelds from your body.
You feel clever.
You feel resistant to extremes of temperature.
You closely miss Grinder.
Grinder is almost dead.
Grinder gestures at you. You resist with significant effort.
Unknown command.
You feel protected. Grinder gestures at you.
You suddenly lose the ability to move!
Grinder hits you but does no damage.
Grinder blinks!
The gnoll hits you with a +0 club.
You die...

.#.......)....#........###...#
..)..###.##....#.....###.###5#
...>.# #.###.#...###..#...#..####
.....# #.###..##.####..5........#
.....# #..##..##.....##.........#
###.#####......#####.##.........#
.........###...#####...(........#
#........# #.#.g...####.........#
#........###.#.)@...###........(#
#.....................#.........#
#...............................#
#.........####........#.........
#.........# #..5.....#........
....#####.# #........###.##.##
###.#####.## #..><....# .# .#
#.)..#...# #.....#### .# #
####.....# ####### .#


You could see Grinder (very poisoned) and a gnoll.

Vanquished Creatures
  Sigmund (D:3)
  A howler monkey (D:3)
  9 gnolls
  3 adders
  A worm (D:2)
  2 dart slugs (D:1)
  9 orcs (D:3)
  4 endoplasms
  A giant cockroach (D:2)
  7 goblins
  7 hobgoblins
  15 jackals
  2 kobolds (D:1)
  3 quokkas
  4 ball pythons
  4 bats
  A frilled lizard (D:2)
  9 rats
83 creatures vanquished.

Vanquished Creatures (others)
  A fungus (D:3)
  A plant (D:3)
2 creatures vanquished.

Grand Total: 85 creatures vanquished

Notes
Turn   | Place    | Note
-------+----------+-------------------------------------------
     0 | D:1      | Vash the Gnoll Transmuter began the quest for the Orb.
     0 | D:1      | Reached XP level 1. HP: 17/17 MP: 6/6
   299 | D:1      | Reached XP level 2. HP: 20/23 MP: 7/7
   634 | D:1      | Reached XP level 3. HP: 28/28 MP: 9/9
   988 | D:1      | Learned a level 3 spell: Spider Form
  1004 | D:2      | Reached skill level 5 in Spellcasting
  1030 | D:2      | Found a faded altar of an unknown god.
  1294 | D:2      | Reached skill level 1 in Invocations
  1454 | D:2      | Reached skill level 1 in Short Blades
  1454 | D:2      | Reached skill level 1 in Long Blades
  1454 | D:2      | Reached skill level 1 in Axes
  1454 | D:2      | Reached skill level 1 in Maces & Flails
  1454 | D:2      | Reached skill level 1 in Polearms
  1454 | D:2      | Reached skill level 1 in Staves
  1454 | D:2      | Reached skill level 1 in Slings
  1454 | D:2      | Reached skill level 1 in Bows
  1454 | D:2      | Reached skill level 1 in Crossbows
  1454 | D:2      | Reached skill level 1 in Throwing
  1454 | D:2      | Reached skill level 1 in Armour
  1454 | D:2      | Reached skill level 1 in Stealth
  1454 | D:2      | Reached skill level 1 in Shields
  1454 | D:2      | Reached skill level 1 in Evocations
  1845 | D:2      | Reached XP level 4. HP: 34/34 MP: 11/11
  1983 | D:3      | Found an ancient bone altar of Kikubaaqudgha.
  2025 | D:2      | Reached skill level 1 in Conjurations
  2025 | D:2      | Reached skill level 1 in Hexes
  2025 | D:2      | Reached skill level 1 in Summonings
  2025 | D:2      | Reached skill level 1 in Necromancy
  2025 | D:2      | Reached skill level 1 in Translocations
  2025 | D:2      | Reached skill level 1 in Fire Magic
  2025 | D:2      | Reached skill level 1 in Ice Magic
  2025 | D:2      | Reached skill level 1 in Air Magic
  2025 | D:2      | Reached skill level 1 in Earth Magic
  2025 | D:2      | Reached skill level 1 in Poison Magic
  2345 | D:3      | Reached XP level 5. HP: 40/40 MP: 9/12
  2606 | D:3      | Noticed a kobold brigand
  3051 | D:3      | Reached XP level 6. HP: 42/47 MP: 10/13
  3151 | D:3      | Noticed Sigmund
  3160 | D:3      | Killed Sigmund
  3161 | D:3      | Reached skill level 5 in Dodging
  3295 | D:3      | Noticed Grinder
  3537 | D:3      | Paralysed by Grinder for 4 turns
  3542 | D:3      | Paralysed by Grinder for 7 turns
  3557 | D:3      | HP: 2/47 [Grinder/nerve-wracking pain (4)]
  3560 | D:3      | Gained mutation: You have supernaturally acute eyesight.
                  | (SInv) [potion of mutation]
  3560 | D:3      | Gained mutation: You are robust. (+10% HP) [potion of
                  | mutation]
  3560 | D:3      | Gained mutation: Your mind is acute. (Int +2) [potion of
                  | mutation]
  3566 | D:3      | Paralysed by Grinder for 5 turns
  3570 | D:3      | Slain by a gnoll

Illustrated notes

Levels and vault maps discovered:
D:1:      scummos_arrival_gate, layout_basic
D:2:      layout_basic, basic_ecumenical_altar
D:3:      lemuel_castle_with_subvaults [lemuel_castle_interior_carwin_2],
          layout_rooms, lemuel_crystal_altar, minmay_between, uniq_grinder,
          uniq_sigmund

Skill      XL: |  1  2  3  4  5  6 |
---------------+-------------------+-----
Spellcasting   | 5 |  5.4
Invocations    | 1 2 |  2.4
Short Blades   | 1 2 |  2.1
Long Blades    | 1 2 |  2.1
Axes           | 1 2 |  2.1
Maces & Flails | 1 2 |  2.1
Polearms       | 1 2 |  2.1
Staves         | 1 2 |  2.1
Slings         | 1 2 |  2.1
Bows           | 1 2 |  2.1
Crossbows      | 1 2 |  2.1
Throwing       | 1 2 |  2.1
Armour         | 1 2 |  2.1
Stealth        | 1 2 |  2.1
Shields        | 1 2 |  2.1
Evocations     | 1 2 |  2.1
Conjurations   | 1 |  1.7
Hexes          | 1 |  1.7
Summonings     | 1 |  1.7
Necromancy     | 1 |  1.7
Translocations | 1 |  1.7
Fire Magic     | 1 |  1.7
Ice Magic      | 1 |  1.7
Air Magic      | 1 |  1.7
Earth Magic    | 1 |  1.7
Poison Magic   | 1 |  1.7
Fighting       | 3 |  3.4
Transmutations | 4 |  4.2
Dodging        | 5 |  5.1
Unarmed Combat | |  6.9

Action                   |  1- 3 |  4- 6 || total
-------------------------+-------+-------++-------
Melee: Unarmed           |    86 |   140 ||   226
       Bite              |     5 |     1 ||     6
       Punch             |     3 |     1 ||     4
       Kick              |     2 |     2 ||     4
       Headbutt          |     2 |     2 ||     4
 Cast: Beastly Appendage |    11 |     3 ||    14
       Spider Form       |       |    14 ||    14
  Use: Scroll            |       |     1 ||     1
       Potion            |       |     3 ||     3
 Stab: Sleeping          |     3 |     1 ||     4
Armor: Robe              |    14 |    14 ||    28
       Skin              |       |     6 ||     6
Dodge: Dodged            |    63 |   140 ||   203

Table legend: (Time is in decaauts)
 A = Elapsed time spent in this place.
 B = Non-inter-level travel time spent in this place.
 C = Inter-level travel time spent in this place.
 D = Time resting spent in this place.
 E = Time spent auto-exploring this place.
 F = Levels seen in this place.
 G = Mean time per level.
                   A        B        C        D        E       F      G
               +--------+--------+--------+--------+--------+-----+--------+
         Total |   3551 |   3497 |     54 |   1056 |   1728 |   3 | 1183.7 |
       Dungeon |   3551 |   3497 |     54 |   1056 |   1728 |   3 | 1183.7 |
               +--------+--------+--------+--------+--------+-----+--------+

Top non-repeatable levels by time:
     D:2: 1324 daAuts
     D:3: 1239 daAuts
     D:1: 986 daAuts
